Map: Ruins of Seras

Players

Legacy - Winner!

  • Race: Protoss Protoss
  • League: Master

MCanning

  • Race: Protoss Protoss
  • League: Grandmaster

VOD

Have the link to the VOD?

Description

Time

  • Played on: Dec. 15, 2015, 11:43 p.m.
  • Length: 5:08
Show
View Real Time Build Order
Export as new Build Order

Legacy Protoss - Winner!

Build Orders: Oracle Opening 

Get SALT Encoding   

  12  0:01  Probe (Chrono Boost)  
  13  0:12  Probe (Chrono Boost)  
  14  0:19  Pylon  
  14  0:23  Probe (Chrono Boost)  
  15  0:37  Probe (Chrono Boost)  
  15  0:38  Gateway  
  16  0:46  Assimilator  
  16  0:47  Probe (Chrono Boost)  
  17  0:53  Assimilator  
  17  0:58  Probe (Chrono Boost)  
  18  1:08  Probe (Chrono Boost)  
  18  1:09  Gateway  
  19  1:19  Probe (Chrono Boost)  
  20  1:28  Cybernetics Core  
  20  1:30  Probe (Chrono Boost)  
  21  1:38  Pylon  
  21  1:41  Probe (Chrono Boost)  
  22  1:51  Probe (Chrono Boost)  
  23  2:04  Warp Gate (Chrono Boost)  
  23  2:05  Stalker  
  23  2:07  Stalker  
  27  2:18  Stargate  
  27  2:28  Pylon  
  27  2:39  Stalker  
  27  2:40  Stalker  
  31  2:47  Pylon  
  31  3:02  Oracle (Chrono Boost)  
  34  3:07  Gateway  
  34  3:17  Gateway  
  34  3:27  Pylon  
  34  3:40  Oracle  
  36  4:01  Stalker x2  
  38  4:16  Stalker x2  
  42  4:29  Stalker x2  
  46  4:48  Stalker x2  
  46  4:52  Stalker  
Show
View Real Time Build Order
Export as new Build Order

MCanning Protoss 

Build Orders: Nexus First 

Get SALT Encoding   

  12  0:01  Probe (Chrono Boost)  
  13  0:14  Pylon  
  13  0:18  Probe (Chrono Boost)  
  14  0:28  Probe (Chrono Boost)  
  15  0:39  Probe (Chrono Boost)  
  16  0:49  Probe (Chrono Boost)  
  17  1:00  Nexus  
  17  1:10  Gateway  
  17  1:14  Probe (Chrono Boost)  
  18  1:24  Assimilator  
  18  1:25  Probe (Chrono Boost)  
  19  1:29  Assimilator  
  19  1:35  Probe (Chrono Boost)  
  20  1:43  Gateway  
  20  1:46  Probe (Chrono Boost)  
  21  1:58  Cybernetics Core  
  21  2:00  Probe (Chrono Boost)  
  22  2:09  Pylon  
  22  2:12  Probe (Chrono Boost)  
  23  2:16  Probe (Chrono Boost)  
  23  2:22  Probe (Chrono Boost)  
  25  2:26  Probe (Chrono Boost)  
  26  2:35  Mothership Core (Chrono Boost)  
  28  2:42  Stalker (Chrono Boost)  
  29  2:46  Stalker (Chrono Boost)  
  29  2:49  Warp Gate (Chrono Boost)  
  31  3:01  Gateway  
  31  3:10  Pylon  
  31  3:15  Stalker (Chrono Boost)  
  33  3:22  Stalker (Chrono Boost)  
  35  3:33  Gateway  
  35  3:42  Stalker (Chrono Boost)  
  35  3:47  Pylon  
  37  3:52  Sentry (Chrono Boost)  
  39  3:56  Pylon  
  37  4:05  Stalker (Chrono Boost), Probe  
  39  4:24  Probe  
  36  4:47  Mothership Core (Chrono Boost)  
  36  4:50  Stalker x2  
  38  4:55  Stalker  
  40  5:04  Pylon  
Tags
 
Add a new tag
Caveats
  • Supply blocks, unpowered buildings, or Contaminate may cause inaccurate times.
  • Supply counts are checked every 10 seconds.